Unix NetHack Version 5.0.0-0 post-release - last build May  4 2026 22:22:43 (774f63e81ad911689b3a0859ea89b322d5daca8d,branch:main).

Game began 2026-05-08 01:26:46, ended 2026-05-08 01:52:54.

Kwijibo4686, neutral female human Valkyrie

                 hBG
                 G@G
                 -..

Kwijibo4686 the Skirmisher  St:18/01 Dx:14 Co:17 In:8 Wi:9 Ch:8  Neutral
Dlvl:3  $:50 HP:0(42) Pw:14(14) AC:5  Xp:5 T:2380 

Latest messages:
 The bat is killed!
 You stop.  Your little dog is in the way!
 You swap places with your little dog.
 You kill the newt!
 You hear snoring snakes.
 You find a hidden passage.
 You find a hidden door.
 The door opens.
 You see here a cream pie.
 u - a cream pie.
 You see here a statue of a plains centaur.
 You materialize in a different location!
 You see here an unlocked chest containing 10 items.
 You climb up the stairs.
 Really step into that web? [yn] (n) y
 You stumble into a spider web!
 You disentangle yourself.
 You destroy the elf zombie!
 You kill the grid bug!
 You climb up the stairs.
 You climb up the stairs.
 The iguana bites!
 You hit the iguana!
 You miss the iguana.
 You kill the iguana!
 You see here an iguana corpse.
 What do you want to eat? [djlu or ?*] 6
 No count allowed with this command.
 What do you want to eat? [djlu or ?*] <space>
 Never mind.
 You see here an iguana corpse.
 There is an iguana corpse here; eat it? [ynq] (n) y
 This iguana corpse is stringy.
 You finish eating the iguana corpse.
 You descend the stairs.
 There is a branch staircase up to the Dungeons of Doom here.
 You see here an arrow.
 The giant bat bites!
 The gnome lord hits!
 The gnome lord hits!
 The gnome lord hits!
 You hit the gnome lord!
 The giant bat bites!
 The giant bat bites!
 You hit the gnome lord!
 The giant bat bites!
 The gnome lord hits!
 The gnome lord hits!
 You die...
 Do you want your possessions identified? [ynq] (y) q

Inventory:
 Coins    ('$')
  $ - 50 gold pieces
 Weapons  (')')
  a - a +1 spear (weapon in right hand)
 Armor    ('[')
  r - an uncursed +0 helm of brilliance (being worn)
  c - an uncursed +3 small shield (being worn)
 Comestibles  ('%')
  l - 2 uncursed slime molds
  u - an uncursed cream pie
  d - 2 uncursed food rations
  j - an uncursed lembas wafer
 Potions  ('!')
  s - an uncursed potion of blindness
 Tools    ('(')
  m - an uncursed oil lamp

Kwijibo4686 the Valkyrie's attributes:

Background:
 You were a Skirmisher, a level 5 human Valkyrie.
 You were neutral, nominally on a mission for Odin
 who was opposed by Tyr (lawful) and Loki (chaotic).
 You were right-handed.
 You were in the Gnomish Mines, on level 3.
 You entered the dungeon 2380 turns ago.
 It was nighttime.
 You had 178 experience points, 142 more were needed to attain level 6.

Basics:
 You had 0 out of 42 hit points.
 You had all 14 energy points (spell power).
 Your armor class was 5.
 Your wallet contained 50 zorkmids.
 Autopickup was on for '$?!/="' plus thrown.

Final Characteristics:
 Your strength was 18/01 (limit:18/100).
 Your dexterity was 14 (limit:18).
 Your constitution was 17 (limit:18).
 Your intelligence was 8 (limit:18).
 Your wisdom was 9 (limit:18).
 Your charisma was 8 (limit:18).

Final Status:
 You weren't hungry.
 You were unencumbered.
 You were wielding a spear.
 You had basic skill with spear.

Final Attributes:
 You were piously aligned.
 You were cold resistant.
 You were stealthy.
 You are dead.

Miscellaneous:
 You didn't encounter any bones levels.
 Total elapsed playing time was 26 minutes and 8 seconds.

Major events:
 Turn
    1: Kwijibo4686 the neutral human Valkyrie entered the dungeon
  596: entered the Gnomish Mines
  867: attained the rank of Skirmisher (level 3)
 2380: killed by a gnome lord

You didn't know any spells.

Skills:
 Fighting Skills
   bare handed combat [Unskilled]
   two weapon combat  [Unskilled]
   riding             [Unskilled]
 Weapon Skills
   dagger             [Basic]
   axe                [Unskilled]
   pick-axe           [Unskilled]
   short sword        [Unskilled]
   broadsword         [Unskilled]
   long sword         [Unskilled]
   two-handed sword   [Unskilled]
   saber              [Unskilled]
   hammer             [Unskilled]
   quarterstaff       [Unskilled]
   polearms           [Unskilled]
   spear              [Basic]
   trident            [Unskilled]
   lance              [Unskilled]
   sling              [Unskilled]
 Spellcasting Skills
   attack spells      [Unskilled]
   escape spells      [Unskilled]

Voluntary challenges:
 Character rerolling was not enabled.
 You were an atheist.
 You never genocided any monsters.
 You never polymorphed an object.
 You never changed form.
 You used no wishes.
Achievements:
 You entered a shop.
 You entered the Gnomish Mines.
 You attained the rank of Skirmisher.

 The Dungeons of Doom: levels 1 to 6
    Level 1:
       A fountain.
    Level 2:
       A general store, a fountain.
       Stairs down to The Gnomish Mines.
    Level 3:
       A food shop.
    Level 4:
    Level 5:
       Many fountains.
    Level 6:
 The Gnomish Mines:
    Level 3: <- You were here.
       Final resting place for
          you, killed by a gnome lord.


Vanquished creatures:
  a fog cloud
 an elf zombie
  a homunculus
  a rabid rat
  4 dwarf zombies
  2 iguanas
  a hobbit
  2 cave spiders
  2 brown molds
  a green mold
  2 red molds
  a gnome
  a gnome zombie
  3 geckos
  5 jackals
  2 kobolds
  3 goblins
  2 sewer rats
  8 grid bugs
  3 bats
  2 lichens
  a kobold zombie
  5 newts
54 creatures vanquished.

No species were genocided or became extinct.

Game over:
                       ----------
                      /          \
                     /    REST    \
                    /      IN      \
                   /     PEACE      \
                  /                  \
                  |   Kwijibo4686    |
                  |      50 Au       |
                  |   killed by a    |
                  |    gnome lord    |
                  |                  |
                  |                  |
                  |       2026       |
                 *|     *  *  *      | *
        _________)/\\_//(\/(/\)/\//\/|_)_______

Farvel Kwijibo4686 the Valkyrie...

You died in The Gnomish Mines on dungeon level 3 with 1007 points,
and 50 pieces of gold, after 2380 moves.
You were level 5 with a maximum of 42 hit points when you died.

